 Dungeon Crawl Stone Soup version 0.25-a0-362-g90ccd6aac3 (console) character file.

Game seed: 1558522801594261411, levelgen mode: deterministic

715 Kagalorn the Covert (level 7, 0/85 HPs)
             Began as a Naga Arcane Marksman on Jan 4, 2020.
             Killed from afar by an orc wizard (8 damage)
             ... with a puff of frost
             ... on level 5 of the Dungeon.
             The game lasted 00:14:37 (3997 turns).

Kagalorn the Covert (Naga Arcane Marksman)          Turns: 3997, Time: 00:14:37

Health: 0/85       AC:  3    Str: 19    XL:     7   Next: 69%
Magic:  2/2        EV: 10    Int: 14    God:
Gold:   46         SH:  0    Dex: 11    Spells: 7/8 levels left

rFire    . . .     SeeInvis +   b - +2 short sword (antimagic)
rCold    . . .     Gourm    .   (no shield)
rNeg     . . .     Faith    .   e - +0 robe
rPois    +         Spirit   .   (no helmet)
rElec    .         Reflect  .   (no cloak)
rCorr    .         Harm     .   (no gloves)
MR       .....                  (no barding)
Stlth    ..........             C - amulet of rage (curse)
HPRegen  0.24/turn              (no ring)
MPRegen  0.08/turn              (no ring)

@: berserking, quick
A: large, see invisible, deformed body, poison resistance, slowness 2, slow
metabolism 1, spit poison 1, AC +2
a: Spit Poison, Evoke Berserk Rage


You were on level 5 of the Dungeon.
You were not hungry.

You visited 1 branch of the dungeon, and saw 5 of its levels.

You collected 166 gold pieces.
You spent 120 gold pieces at shops.

Inventory:

Hand Weapons
 a - a +0 shortbow
 b - a +2 antimagic short sword (weapon)
 p - a +0 spear
 B - a +4 trident
Missiles
 d - 62 arrows
 j - 69 poisoned darts (quivered)
 s - 50 bolts
Armour
 e - a +0 robe (worn)
 h - a cursed +0 pair of gloves
 u - a +0 scale mail
Jewellery
 g - an uncursed ring of poison resistance {unknown}
 k - an uncursed amulet of the acrobat
 r - an uncursed ring of poison resistance {unknown}
 C - a cursed amulet of rage (around neck)
 I - an uncursed ring of protection from cold
 K - a +3 ring of strength
Scrolls
 i - a scroll of enchant armour {unknown}
 l - a scroll of blinking
 o - 2 scrolls of magic mapping
 t - a scroll of amnesia {unknown}
 v - a scroll of remove curse {unknown}
 y - a scroll of fear
 E - a scroll of fog
 G - 3 scrolls of teleportation
Potions
 c - 3 potions of magic
 m - 2 potions of lignification
 n - 3 potions of haste
 q - 2 potions of might
 w - a potion of mutation
 x - 5 potions of heal wounds
 z - a potion of agility
 A - 2 potions of brilliance
 D - 2 potions of curing
 F - a potion of invisibility
 H - 2 potions of ambrosia
Comestibles
 f - 11 rations


   Skills:
 - Level 1.0 Fighting
 * Level 4.8 Bows
 - Level 1.5 Dodging
 + Level 9.9 Stealth
 - Level 1.0 Spellcasting
 - Level 3.0 Hexes
 * Level 0.7 Evocations


You had 7 spell levels left.
You knew the following spells:

 Your Spells              Type           Power        Failure   Level  Hunger
a - Corona                Hex            #......      8%          1    ##.....

Your spell library contained the following spells:

 Spells                   Type           Power        Failure   Level  Hunger
 Slow                     Hex            #.......     12%         2    ###....
 Inner Flame              Hex/Fire       #.......     38%         3    ####...
 Portal Projectile        Hex/Tloc       #.....       38%         3    ####...
 Cause Fear               Hex            #.........   58%         4    #####..
 Leda's Liquefaction      Hex/Erth       #.........   80%         4    #####..


Dungeon Overview and Level Annotations

Branches:
Dungeon (5/15)
 Temple: D:4-7

Altars:
Sif Muna
Trog

Shops:
D:4 ![


Innate Abilities, Weirdness & Mutations

You cannot wear boots.
Your serpentine skin is tough. (AC +2)
You have supernaturally acute eyesight. (SInv)
Armour fits poorly on your strangely shaped body.
Your system is resistant to poisons. (rPois)
You cover ground very slowly.
You have a slow metabolism.
You can spit poison.


Message History

Unknown command.
You eat one of the 12 rations.
That ration really hit the spot!
The orc wizard closely misses you. The orc barely misses you.
The orc wizard hits you but does no damage.
The orc wizard falters for a moment.
A red film seems to cover your vision as you go berserk!
You feel yourself moving faster!
You feel mighty!
You feel a lot more hungry.
The orc wizard hits you with a +0 dagger.
* * * LOW HITPOINT WARNING * * *
The orc hits you with a +0 falchion.
* * * LOW HITPOINT WARNING * * *
The orc wizard hits you but does no damage.
You closely miss the orc wizard.
The orc wizard is moderately wounded.
The orc wizard closely misses you. The orc barely misses you.
You closely miss the orc wizard.
The orc wizard is moderately wounded.
The orc wizard casts a spell at you. The puff of frost hits you!
You die...

#..## ##. )###+##....
... .........( ...
.........# ..#
.........##..##. .....
..............o. ....
.......$Z....o.. ...
[##..##oo##..### #.. #
##o@##+#### #####..
#....#....+ .......
#....#....# .......
#....#....# .....<.
##..##...# ..###.#
##.###..##...#########.#
........#....#..........
........'....#..........
#..##..###...##.........


You could see 2 orc wizards, an orc and an adder zombie.

Vanquished Creatures
  A sky beast (D:3)
  3 eyes of draining (D:3)
  A big kobold (D:4)
  An orc priest (D:4)
  An orc wizard (D:4)
  Terence (D:2)
  A worker ant (D:5)
  7 adders
  An ooze (D:1)
  3 worms
  3 leopard geckos
  9 orcs
  3 giant cockroaches
  8 goblins
  9 hobgoblins
  6 jackals
  4 quokkas
  8 bats
  3 frilled lizards
  22 kobolds
  6 rats
101 creatures vanquished.

Notes
Turn   | Place    | Note
-------+----------+-------------------------------------------
     0 | D:1      | Kagalorn the Naga Arcane Marksman began the quest for the
                  | Orb.
     0 | D:1      | Reached XP level 1. HP: 18/18 MP: 2/2
    33 | D:1      | Reached skill level 1 in Stealth
    35 | D:1      | Reached skill level 2 in Stealth
    35 | D:1      | Reached XP level 2. HP: 7/25 MP: 3/3
   295 | D:1      | Reached skill level 3 in Stealth
   408 | D:1      | You fall into a shaft and drop 1 floor!
   767 | D:1      | Reached skill level 4 in Stealth
   775 | D:1      | Reached XP level 3. HP: 26/31 MP: 4/4
  1014 | D:2      | Reached skill level 5 in Stealth
  1151 | D:2      | Noticed Terence
  1159 | D:2      | Killed Terence
  1159 | D:2      | Reached skill level 6 in Stealth
  1159 | D:2      | Reached XP level 4. HP: 38/38 MP: 5/5
  1389 | D:2      | Reached skill level 7 in Stealth
  1389 | D:2      | Reached XP level 5. HP: 26/44 MP: 6/6
  1510 | D:3      | Noticed an eye of draining
  1510 | D:3      | Noticed an eye of draining
  1511 | D:3      | Found a bloodstained altar of Trog.
  1512 | D:3      | Noticed an eye of draining
  1547 | D:3      | Killed an eye of draining
  1547 | D:3      | Reached skill level 8 in Stealth
  1580 | D:3      | Killed an eye of draining
  1580 | D:3      | Reached XP level 6. HP: 51/51 MP: 0/7
  1683 | D:3      | Killed an eye of draining
  1683 | D:3      | Reached skill level 9 in Stealth
  2088 | D:3      | Noticed a sky beast
  2134 | D:3      | Killed a sky beast
  2134 | D:3      | Reached XP level 7. HP: 17/57 MP: 3/8
  2457 | D:3      | Found a shimmering blue altar of Sif Muna.
  2587 | D:4      | Found Vyoxor's Distillery.
  2624 | D:4      | Bought a potion of lignification for 30 gold pieces
  2624 | D:4      | Bought a potion of heal wounds for 50 gold pieces
  2624 | D:4      | Bought a potion of curing for 30 gold pieces
  2624 | D:4      | Bought a potion of degeneration for 10 gold pieces
  2841 | D:4      | Found Huckois's Antique Armour Shoppe.
  3919 | D:5      | Entered Level 5 of the Dungeon
  3997 | D:5      | Killed from afar by an orc wizard

Levels and vault maps discovered:
D:1:      eino_arrival_druids_welcome, layout_rooms
D:2:      layout_rooms, uniq_terence
D:3:      minmay_spotlight, layout_basic, led_sif_pool, trog_eyes_of_draining,
          minmay_misc_feat_five
D:4:      kennysheep_kobold_camp, layout_rooms, serial_shops, shop,
          nicolae_shop_overgrown_old_shop, first_ration, dk_vineyard_2,
          grunt_decor_fettered
D:5:      layout_gridville

Skill      XL: |  1  2  3  4  5  6 |
---------------+-------------------+-----
Stealth        | 2 4 6 7 8 9 |  9.9
Bows           | 2 4 |  4.8
Fighting       | |  1.0
Dodging        | |  1.5
Spellcasting   | |  1.0
Hexes          | |  3.0
Evocations     | |  0.7

Action                   |  1- 3 |  4- 6 |  7- 9 || total
-------------------------+-------+-------+-------++-------
Melee: Spear             |    83 |   109 |       ||   192
       Short sword       |       |    43 |   142 ||   185
 Fire: Shortbow          |       |    12 |     3 ||    15
Throw: Dart              |     7 |    11 |       ||    18
 Abil: Spit Poison       |    18 |    20 |    28 ||    66
       Evoke Berserk Rag |       |       |     2 ||     2
  Use: Scroll            |       |       |    15 ||    15
 Stab: Sleeping          |     2 |     3 |     2 ||     7
  Eat: Chunk             |     1 |     4 |     6 ||    11
       Ration            |       |       |     1 ||     1
Armor: Robe              |    17 |    23 |    37 ||    77
Dodge: Dodged            |    65 |    71 |    99 ||   235

Table legend:
 A = Non-vault XP
 B = Vault XP
 C = Vault XP percentage of total XP
 D = Non-vault monster count
 E = Vault monster count
 F = Vault count percentage of total count
                 A         B        C        D         E       F
            +---------+---------+-------+---------+---------+-------
      Total |     461 |     561 |  54.9 |      69 |      32 |  31.7
            +---------+---------+-------+---------+---------+-------
        D:1 |      39 |       0 |   0.0 |      20 |       0 |   0.0
        D:2 |      93 |      36 |  27.9 |      14 |       1 |   6.7
        D:3 |     164 |     395 |  70.7 |      19 |      10 |  34.5
        D:4 |     131 |     130 |  49.8 |      14 |      21 |  60.0
        D:5 |      34 |       0 |   0.0 |       2 |       0 |   0.0
            +---------+---------+-------+---------+---------+-------
